 Dungeon Crawl Stone Soup version 0.19.0-18-g426998a (webtiles) character file.

7390 Leszczynek the Basher (level 11, -9/67 HPs)
             Began as a Tengu Arcane Marksman on Nov 11, 2016.
             Was a Follower of Uskayaw.
             Mangled by a minotaur
             ... wielding a +2 rod of ignition (14/14)
              (27 damage)
             ... in a labyrinth.
             The game lasted 00:33:13 (13687 turns).

Leszczynek the Basher (Tengu Arcane Marksman)      Turns: 13687, Time: 00:33:14

Health: -9/67      AC: 14    Str: 16    XL:     11   Next: 14%
Magic:  12/13      EV: 15    Int: 15    God:    Uskayaw [*.....]
Gold:   166        SH:  0    Dex: 14    Spells: 0 memorised, 12 levels left

rFire  . . .     SeeInvis .     a - +2 flail (crush)
rCold  . . .     Gourm    .     v - +3 ring mail {MR+}
rNeg   . . .     Faith    .     (no shield)
rPois  .         Spirit   .     (helmet restricted)
rElec  .         Reflect  .     e - +2 cloak
rCorr  .         Harm     .     i - +2 pair of gloves
MR     +....                    (boots unavailable)
Stlth  +.........               (no amulet)
                                G - +3 ring of strength
                                B - ring of wizardry

@: no status effects
A: beak, talons 3, able to fly 1
a: Fly, Stomp, Renounce Religion


You were in a labyrinth.
You worshipped Uskayaw.
Uskayaw was noncommittal.
You were not hungry.

You visited 2 branches of the dungeon, and saw 12 of its levels.
You also visited: Labyrinth.

You collected 533 gold pieces.
You spent 367 gold pieces at shops.

Inventory:

Hand Weapons
 a - a +2 flail of crushing (weapon)
 b - a +0 shortbow of flaming
 j - the +7 war axe of the Wolf {chop, rF+ Str-4 Dex+2}
   (You found it on level 6 of the Dungeon)

   It inflicts extra damage upon your enemies.
   It affects your strength (-4).
   It affects your dexterity (+2).
   It protects you from fire.
 s - a +0 quarterstaff
 y - a +3 mace of draining
 D - a cursed +0 morningstar
 E - a +0 flail of protection
Missiles
 f - 187 arrows
 m - 6 tomahawks (quivered)
 F - a throwing net
 J - 4 tomahawks of returning
 L - 2 silver tomahawks
Armour
 e - a +2 cloak (worn)
 i - a +2 pair of gloves (worn)
 v - a +3 ring mail of magic resistance (worn)
Jewellery
 q - an uncursed ring of fire
 B - a ring of wizardry (left hand)
 G - a +3 ring of strength (right hand)
Wands
 h - a wand of flame (11/48)
 K - a wand of lightning (0/15)
Scrolls
 c - a scroll of fog
 k - a scroll of enchant weapon
 l - 6 scrolls of teleportation
 o - a scroll of recharging
 r - 3 scrolls of remove curse
Potions
 g - 2 potions of resistance
 w - a potion of brilliance
 x - 3 potions of invisibility
 z - 6 potions of curing
Books
 p - a book of Cantrips

   Spells                             Type                      Level
   a - Confusing Touch                Hexes                        1
   b - Animate Skeleton               Necromancy                   1
   c - Summon Small Mammal            Summoning                    1
   d - Apportation                    Translocation                1
Comestibles
 d - 5 bread rations
 A - 3 meat rations


   Skills:
 + Level 7.3 Fighting
 * Level 13.5 Maces & Flails
 - Level 4.0 Bows
 + Level 8.4 Dodging
 - Level 1.0 Spellcasting
   Level 2.1 Hexes


You had 12 spell levels left.
You didn't know any spells.

Dungeon Overview and Level Annotations

Branches:
Dungeon (11/15)            Temple (1/1) D:4            Lair (0/6) D:10
    Orc (0/2) D:9

Altars:
Ashenzari
Cheibriados
Dithmenos
Elyvilon
Fedhas
Gozag
Hepliaklqana
Kikubaaqudgha
Makhleb
Nemelex Xobeh
Okawaru
Qazlal
Ru
Sif Muna
Trog
Uskayaw
Vehumet
Xom
Yredelemnul
Zin
The Shining One

Shops:
D:7 [   D:11 *

Annotations:
D:2 Natasha
D:4 Nahar's ghost, amateur DEIE
D:5 exclusion: door
D:6 exclusion: downstairs


Innate Abilities, Weirdness & Mutations

You have a beak for a mouth.
You have claws for feet.
You can fly.


Message History

The minotaur hits you with a rod of ignition.
The minotaur gores you but does no damage.
The minotaur hits you with a rod of ignition!
* * * LOW HITPOINT WARNING * * *
The minotaur gores you!
* * * LOW HITPOINT WARNING * * *
You feel much better.
The minotaur hits you with a rod of ignition!
The minotaur gores you but does no damage.
The minotaur hits you but does no damage.
The minotaur gores you but does no damage.
Your magical effects are unravelling.
You feel magically purged.
You feel less woody.
Your +2 cloak unmelds from your body.
Your +2 pair of gloves unmelds from your body.
Your +3 ring mail of magic resistance unmelds from your body.
You feel resistant to hostile enchantments.
The minotaur hits you with a rod of ignition!!
You die...

# # . # # # . .
# # .. .# . .
.# .. # .# # #
. ..# .. . . ..
#. # ..######
###.# 8.8 . .
... . ..#. . #
#
###..########.#
8 # 8 .#......#
.. .
##.#.####@# #.
8. ..#.#<.H.#.
#. .
.######.#.#. #
# . #...... .#
. ..# .# .
####### #.. ##
# . . .. . . .
. . # # # .###
. .. .. . # ###
# ## #


You could see a minotaur.

Vanquished Creatures
  A hill giant (D:10)
  A manticore (D:10)
  Joseph (D:8)
  A troll (D:10)
  A wraith (D:10)
  2 wyverns
  4 hungry ghosts (Lab)
  A soldier ant (D:10)
  Duvessa (D:5)
  3 orc warriors
  2 phantoms
  5 sky beasts
  A black bear (D:6)
  An ice beast (D:4)
  A necrophage (D:9)
  2 wolves (D:9)
  3 centaurs
  2 ogres
  2 big kobolds
  7 bullfrogs
  Dowan (D:5)
  5 scorpions
  10 killer bees
  7 howler monkeys
  A bullfrog zombie (D:8)
  An electric eel (D:10)
  6 crimson imps
  A centaur zombie (D:9)
  3 jellies
  11 hounds
  4 orc priests
  5 orc wizards
  A bullfrog skeleton (D:6)
  4 iguanas
  6 worker ants
  A hound zombie (D:5)
  4 gnolls
  9 adders
  A river rat (D:3)
  2 shadow imps
  2 oozes
  An adder zombie (D:6)
  2 worms (D:3)
  A dart slug (D:2)
  3 leopard geckos
  26 orcs
  A ball python (D:1)
  9 bats
  10 giant cockroaches
  10 goblins
  5 hobgoblins
  2 jackals (D:6)
  5 quokkas
  4 frilled lizards
  A giant cockroach zombie (D:5)
  A goblin zombie (D:7)
  16 kobolds
  8 rats
  A rat zombie (D:7)
233 creatures vanquished.

Vanquished Creatures (others)
  A killer bee zombie (D:7)
1 creature vanquished.

Grand Total: 234 creatures vanquished

Notes
Turn   | Place    | Note
-------+----------+-------------------------------------------
     0 | D:1      | Leszczynek the Tengu Arcane Marksman began the quest for the Orb.
     0 | D:1      | Reached XP level 1. HP: 12/12 MP: 3/3
   572 | D:1      | Reached skill level 2 in Fighting
   572 | D:1      | Reached XP level 2. HP: 13/17 MP: 4/4
   606 | D:1      | Learned a level 2 spell: Slow
  1219 | D:2      | Reached skill level 3 in Bows
  1219 | D:2      | Reached XP level 3. HP: 17/21 MP: 5/5
  1733 | D:2      | Noticed Natasha
  2046 | D:3      | Reached XP level 4. HP: 26/26 MP: 6/6
  2053 | D:3      | Reached skill level 4 in Bows
  2151 | D:3      | Found a faded altar of an unknown god.
  2276 | D:3      | Reached skill level 1 in Maces & Flails
  2626 | D:3      | ah, here
  2626 | D:3      | stupid shit
  2670 | D:3      | Reached skill level 2 in Maces & Flails
  2788 | D:4      | Noticed Nahar's ghost (amateur DEIE)
  2898 | D:4      | Found a staircase to the Ecumenical Temple.
  2952 | Temple   | Entered the Ecumenical Temple
  3092 | Temple   | Became a worshipper of Uskayaw the Reveler
  3203 | D:5      | Entered Level 5 of the Dungeon
  3211 | D:5      | Reached * piety under Uskayaw
  3215 | D:5      | Reached ** piety under Uskayaw
  3219 | D:5      | Reached *** piety under Uskayaw
  3240 | D:4      | Noticed an ice beast
  3471 | D:4      | Reached skill level 3 in Maces & Flails
  3471 | D:4      | Gained mutation: You can fly. [Tengu growth]
  3471 | D:4      | Reached XP level 5. HP: 21/30 MP: 7/7
  3945 | D:4      | Reached skill level 4 in Maces & Flails
  4145 | D:4      | HP: 3/30 [gnoll/club (5)]
  4158 | D:4      | Reached **** piety under Uskayaw
  4165 | D:4      | Reached ***** piety under Uskayaw
  4172 | D:4      | Reached XP level 6. HP: 27/35 MP: 8/8
  4336 | D:4      | Reached skill level 5 in Maces & Flails
  4418 | D:5      | Noticed Dowan
  4442 | D:5      | Killed Dowan
  4518 | D:5      | Noticed Duvessa
  4537 | D:6      | Got an ebony war axe
  4538 | D:6      | Identified the +7 war axe of the Wolf {chop, rF+ Str-4 Dex+2} (You found it on level 6 of the Dungeon)
  4617 | D:5      | Noticed an ice beast
  4882 | D:4      | Killed an ice beast
  4882 | D:4      | Reached skill level 6 in Maces & Flails
  4882 | D:4      | Reached XP level 7. HP: 40/40 MP: 9/9
  4890 | D:5      | Killed Duvessa
  4890 | D:5      | Reached skill level 7 in Maces & Flails
  5162 | D:5      | Reached skill level 8 in Maces & Flails
  5278 | D:5      | Found a deep blue altar of Sif Muna.
  5659 | D:6      | Reached XP level 8. HP: 34/44 MP: 10/10
  5685 | D:6      | Reached skill level 3 in Dodging
  6092 | D:6      | Reached skill level 9 in Maces & Flails
  6330 | D:6      | Reached skill level 4 in Dodging
  7455 | D:6      | Reached skill level 3 in Fighting
  7684 | D:7      | Found Hecs's Armour Shop.
  7714 | D:7      | Found a blossoming altar of Fedhas.
  7779 | D:7      | Reached skill level 10 in Maces & Flails
  7779 | D:7      | Reached XP level 9. HP: 37/51 MP: 11/11
  7919 | D:7      | Reached skill level 5 in Dodging
  7962 | D:7      | Reached ****** piety under Uskayaw
  8099 | D:7      | Reached skill level 4 in Fighting
  8908 | D:8      | Reached skill level 11 in Maces & Flails
  8933 | D:8      | Reached skill level 5 in Fighting
  8933 | D:8      | Reached skill level 6 in Dodging
  9114 | D:7      | Bought a +3 ring mail of magic resistance for 312 gold pieces
  9215 | D:8      | Found an opulent altar of Gozag.
  9451 | D:8      | Noticed Joseph
  9479 | D:8      | Killed Joseph
  9479 | D:8      | Reached XP level 10. HP: 59/59 MP: 12/12
 10190 | D:9      | Reached skill level 12 in Maces & Flails
 10341 | D:9      | Found a staircase to the Orcish Mines.
 10572 | D:9      | Reached skill level 6 in Fighting
 10634 | D:10     | Entered Level 10 of the Dungeon
 10803 | D:10     | Reached skill level 7 in Dodging
 11601 | D:10     | Noticed a manticore
 11617 | D:10     | Killed a manticore
 11934 | D:10     | Noticed a hill giant
 12039 | D:10     | Reached skill level 13 in Maces & Flails
 12297 | D:10     | Reached skill level 8 in Dodging
 12494 | D:10     | Reached skill level 7 in Fighting
 12597 | D:10     | Found a staircase to the Lair.
 12687 | D:10     | HP: 6/63 [killer bee (4)]
 13130 | D:10     | Killed a hill giant
 13130 | D:10     | Reached XP level 11. HP: 67/67 MP: 9/13
 13250 | D:11     | Found Okaepoy's Assorted Antiques.
 13259 | D:11     | Bought a lumpy white potion for 26 gold pieces
 13259 | D:11     | Bought a scroll labeled JOZYPN ORASUY for 29 gold pieces
 13313 | D:11     | Found a labyrinth entrance.
 13323 | Lab      | Entered a labyrinth
 13324 | Lab      | the funny part is that i have no idea how will i kill that minotaur
 13679 | Lab      | Noticed a minotaur
 13685 | Lab      | HP: 9/100 [minotaur/rod of ignition (8)]
 13687 | Lab      | Identified a +2 rod of ignition (14/14)
 13687 | Lab      | Mangled by a minotaur

Skill      XL: |  1  2  3  4  5  6  7  8  9 10 |
---------------+-------------------------------+-----
Fighting       | 2 3 5 7 |  7.3
Bows           | 3 4 |  4.0
Maces & Flails | 3 4 6 8 10 11 13 | 13.5
Dodging        | 4 6 8 |  8.4
Spellcasting   | |  1.0
Hexes          | |  2.1

Action                   |  1- 3 |  4- 6 |  7- 9 | 10-12 || total
-------------------------+-------+-------+-------+-------++-------
Melee: Unarmed           |    19 |       |       |       ||    19
       Kick              |    17 |    38 |    83 |    81 ||   219
       Dagger            |    34 |       |       |       ||    34
       Peck              |     7 |    26 |    55 |    63 ||   151
       Short sword       |    15 |     2 |       |       ||    17
       Mace              |       |   162 |   290 |     8 ||   460
       Flail             |       |       |    71 |   345 ||   416
 Fire: Shortbow          |    61 |     3 |       |     1 ||    65
Throw: Tomahawk          |       |       |     6 |     1 ||     7
 Cast: Slow              |     2 |       |       |       ||     2
 Abil: Fly               |       |     1 |     6 |    12 ||    19
Evoke: Wand              |       |       |     2 |     4 ||     6
  Use: Scroll            |       |     6 |    12 |     6 ||    24
       Potion            |       |     1 |     4 |    10 ||    15
 Stab: Paralysed         |       |     2 |     9 |    12 ||    23
       Invisible         |       |       |     4 |       ||     4
  Eat: Chunk             |     4 |     6 |    12 |     6 ||    28
       Pizza             |       |     1 |       |     1 ||     2
       Royal jelly       |       |     1 |     1 |       ||     2
       Beef jerky        |       |       |     1 |     1 ||     2
       Bread ration      |       |       |       |     3 ||     3
Armor: Robe              |    24 |       |       |       ||    24
       Ring mail         |    31 |    86 |   149 |    92 ||   358
       Skin              |       |       |    11 |    34 ||    45
Dodge: Dodged            |    82 |    98 |   215 |   225 ||   620
